 Dungeon Crawl Stone Soup version 0.27.1 (webtiles) character file.

Game seed: 15201197286970527482

1115 MajorAdolf the Gusty (level 8, -9/62 HPs)
             Began as a Naga Wanderer on Sept 2, 2021.
             Mangled by a yak (11 damage)
             ... on level 5 of the Dungeon.
             The game lasted 00:09:18 (6152 turns).

MajorAdolf the Gusty (Naga Wanderer)                Turns: 6152, Time: 00:09:19

Health: -9/62      AC:  7    Str: 16    XL:     8   Next: 34%
Magic:  0/14       EV:  9    Int: 15    God:
Gold:   266        SH:  0    Dex:  9    Spells: 14/15 levels left

rFire    . . .     SeeInvis +   g - +0 hunting sling
rCold    . . .     Faith    .   (no shield)
rNeg     . . .     Spirit   .   b - +0 robe
rPois    +         Reflect  .   (no helmet)
rElec    .         Harm     .   (no cloak)
rCorr    .         Rampage  .   (no gloves)
Will     +....                  (no barding)
Stlth    +.........             (no amulet)
HPRegen  0.20/turn              k - ring of flight
MPRegen  0.14/turn              t - +4 ring of protection

@: flying, very slow
A: AC +2, large, see invisible, deformed body, poison resistance, slowness 2,
spit poison 1, naga tail 1
a: Spit Poison


You were on level 5 of the Dungeon.
You visited 1 branch of the dungeon, and saw 5 of its levels.

You collected 266 gold pieces.

Inventory:

Hand Weapons
 f - a +0 dagger
 g - a +0 hunting sling (weapon)
Missiles
 h - 199 stones
 i - 72 sling bullets (quivered ammo)
Armour
 b - a +0 robe (worn)
Jewellery
 k - a ring of flight (left hand)
 t - a +4 ring of protection (right hand)
 y - a +6 ring of dexterity
Scrolls
 e - 2 scrolls of noise {unknown}
 j - a scroll of fog {unknown}
 l - 3 scrolls of identify {unknown}
 m - a scroll of enchant armour {unknown}
 n - 2 scrolls of enchant weapon {unknown}
 r - a scroll of amnesia {unknown}
 w - a scroll of holy word {unknown}
Potions
 a - 2 potions of flight {unknown}
 o - 3 potions of attraction {unknown}
 p - a potion of berserk rage {unknown}
 q - a potion of might {unknown}
 s - a potion of resistance {unknown}
 u - 2 potions of invisibility {unknown}
 v - a potion of curing {unknown}
 x - a potion of haste {unknown}


   Skills:
 - Level 1.0 Throwing
 - Level 4.0 Spellcasting
 + Level 5.7 Conjurations
 - Level 3.0 Transmutations
 - Level 1.0 Ice Magic
 + Level 6.7 Air Magic
 - Level 1.0 Evocations


You had 14 spell levels left.
You knew the following spells:

 Your Spells              Type           Power      Damage    Failure   Level
a - Shock                 Conj/Air       84%        1d8       1%          1

Your spell library contained the following spells:

 Spells                   Type           Power      Damage    Failure   Level
 Magic Dart               Conj           80%        1d7       1%          1
 Swiftness                Air            23%        N/A       3%          3
 Mephitic Cloud           Conj/Pois/Air  15%        N/A       10%         3
 Conjure Flame            Conj/Fire      11%        6-21      17%         3
 Blink                    Tloc           N/A        N/A       26%         2
 Call Imp                 Summ           3%         N/A       26%         2
 Slow                     Hex            3%         N/A       26%         2


Dungeon Overview and Level Annotations

Branches:
Dungeon (5/15)
 Temple: D:4-7

Altars:
Trog

Shops:
D:4 [


Innate Abilities, Weirdness & Mutations

Your serpentine skin is tough. (AC +2)
You have supernaturally acute eyesight. (SInv)
Armour fits poorly on your strangely shaped body.
Your system is resistant to poisons. (rPois)
You cover ground very slowly.
You can spit poison.
You have a snake-like lower body.


Message History

The yak is severely wounded.
The yak gores you!
* * * LOW HITPOINT WARNING * * *
Unknown command.
Casting: Shock (safe; 1% risk of failure)
Confirm with . or Enter, or press ? or * to list all spells.
Aiming: Shock (safe; 1% risk of failure)
Press: ? - help, Shift-Dir - straight line, f/p - yak
Aim: a yak (severely wounded, 84% to hit)
The zap hits the yak.
The yak is almost dead.
The yak gores you!
* * * LOW HITPOINT WARNING * * *
You don't have enough magic to cast this spell.
Unknown command.
You don't have enough magic to cast this spell.
You don't have enough magic to cast this spell.
You don't have enough magic to cast this spell.
Fire: 74 sling bullets
Press: ? - help, Shift-Dir - straight line, f/p - yak
Aim: a yak (almost dead, 65% to hit)
You shoot a sling bullet.
The sling bullet hits the yak but does no damage.
The yak is almost dead.
The yak gores you!
* * * LOW HITPOINT WARNING * * *
Aiming: Shock (safe; 1% risk of failure)
Press: ? - help, Q - select action, (/) - cycle Shift-Dir - straight line, f/p - yak
Aim: a yak (almost dead, 84% to hit)
The zap hits the yak.
The yak is almost dead.
The yak closely misses you.
You don't have enough magic to cast this spell.
Fire: 73 sling bullets
Press: ? - help, Shift-Dir - straight line, f/p - yak
Aim: a yak (almost dead, 65% to hit)
You shoot a sling bullet. The sling bullet hits the yak.
The yak is almost dead.
The yak gores you!
You die...

#.....†...........#
#.........######### #
#####.#....### #
#.......#### #
##.###.#.# #. #..#
#.#.# #.. ##.## #.#.#
#.# ##..# ##.#.# ..
#####..## #..#@# ..
#.....## ##.##Y#
#.....# ##..##†#
#.....# #..###†#
#.....###.####.######
.
#.........YY..........
#..<..###.####.#######
#.....# #.# #.#
#.>...# #.# #.#


You could see a yak.

Vanquished Creatures
  3 yaks (D:5)
  A black bear (D:4)
  2 ogres (D:4)
  A scorpion (D:4)
  2 hounds
  Jessica (D:2)
  An iguana (D:5)
  2 orc wizards (D:4)
  A hound zombie (D:5)
  A hound skeleton (D:4)
  A gnoll (D:4)
  8 adders
  An adder skeleton (D:4)
  A worm (D:2)
  4 dart slugs
  4 orcs
  5 ball pythons
  3 bats
  8 endoplasms
  4 giant cockroaches
  9 goblins
  8 hobgoblins
  3 jackals (D:3)
  3 quokkas
  3 frilled lizards
  5 kobolds
  A quokka skeleton (D:4)
  3 rats
89 creatures vanquished.

Notes
Turn   | Place    | Note
-------+----------+-------------------------------------------
     0 | D:1      | MajorAdolf the Naga Wanderer began the quest for the Orb.
     0 | D:1      | MajorAdolf set off with the following items: a +0 club, a
                  | +0 robe, a scroll of teleportation; and the following
                  | spells available to memorise: Shock, Magic Dart, Swiftness,
                  | Blink, Call Imp, Slow, Mephitic Cloud, Conjure Flame
     0 | D:1      | Reached XP level 1. HP: 15/15 MP: 3/3
     2 | D:1      | Learned a level 1 spell: Shock
   145 | D:1      | Reached XP level 2. HP: 16/22 MP: 0/5
  1165 | D:1      | Reached XP level 3. HP: 22/28 MP: 0/6
  1895 | D:2      | Reached skill level 1 in Conjurations
  2449 | D:2      | Reached XP level 4. HP: 33/36 MP: 0/8
  2545 | D:2      | Reached skill level 3 in Air Magic
  2866 | D:2      | Noticed Jessica
  2872 | D:2      | Killed Jessica
  3371 | D:3      | Reached XP level 5. HP: 42/42 MP: 6/10
  3580 | D:3      | Found a bloodstained altar of Trog.
  4250 | D:4      | Noticed an ogre
  4262 | D:4      | Killed an ogre
  4263 | D:4      | Reached XP level 6. HP: 43/49 MP: 2/11
  4403 | D:4      | Reached skill level 4 in Air Magic
  4801 | D:4      | Found Teud's Armour Boutique.
  5168 | D:4      | Reached XP level 7. HP: 33/55 MP: 5/13
  5658 | D:4      | Reached skill level 5 in Air Magic
  5813 | D:5      | Entered Level 5 of the Dungeon
  6114 | D:5      | Noticed a yak
  6114 | D:5      | Noticed a yak
  6119 | D:5      | Noticed a yak
  6121 | D:5      | Noticed a yak
  6142 | D:5      | Killed a yak
  6143 | D:5      | Reached skill level 5 in Conjurations
  6144 | D:5      | Killed a yak
  6144 | D:5      | Killed a yak
  6145 | D:5      | Reached skill level 6 in Air Magic
  6145 | D:5      | Reached XP level 8. HP: 31/62 MP: 4/14
  6150 | D:5      | HP: 2/62 [yak (9)]
  6152 | D:5      | Mangled by a yak

Illustrated notes

Levels and vault maps discovered:
D:1:      dpeg_arrival_pond, layout_rooms, minmay_3d_cube
D:2:      layout_basic, bh_walls_and_bars, uniq_jessica
D:3:      layout_loops_ring, bloody_trog, chequers_arboretum
D:4:      minmay_angry_zag, layout_rooms, serial_shops, kennysheep_mini,
          chequers_serial_rivers_room_a, kennysheep_cross_room
D:5:      layout_rooms, serial_shops, shop

Skill      XL: |  1  2  3  4  5  6  7 |
---------------+----------------------+-----
Conjurations   | 1 2 3 5 |  5.7
Spellcasting   | 3 4 |  4.0
Air Magic      | 3 4 6 |  6.7
Throwing       | |  1.0
Transmutations | |  3.0
Ice Magic      | |  1.0
Evocations     | |  1.0

Action                   |  1- 3 |  4- 6 |  7- 9 || total
-------------------------+-------+-------+-------++-------
Melee: Club              |     4 |       |       ||     4
       Dagger            |    13 |       |       ||    13
 Fire: Hunting sling     |    12 |     5 |     4 ||    21
 Cast: Shock             |    59 |   108 |    61 ||   228
 Abil: Spit Poison       |    18 |     5 |     4 ||    27
  Use: Potion            |       |       |     2 ||     2
       Scroll            |       |       |     1 ||     1
Armor: Robe              |    10 |    14 |     6 ||    30
Dodge: Dodged            |    19 |    21 |    17 ||    57
